[Event "*** Titled Tuesday Blitz"]
[Site "Chess.com"]
[Date "2021.02.09"]
[Round "5"]
[White "WonderChampion"]
[Black "Abdimalik_Abdisalimov"]
[Result "0-1"]
[WhiteElo "2064"]
[BlackElo "2294"]
[TimeControl "180+1"]
[EndTime "10:57:26 PST"]
[Termination "Abdimalik_Abdisalimov won on time"]

1. d4 Nf6 2. Bg5 Ne4 3. Bf4 d5 4. f3 Nf6 5. Nc3 c6 6. e4 e6 7. Bg5 Be7 8. e5 Nfd7 9. Bxe7 Qxe7 10. f4 a6 11. a4 c5 12. Nf3 Nc6 13. Be2 O-O 14.
O-O cxd4 15. Nxd4 Nxd4 16. Qxd4 Qc5 17. Qxc5 Nxc5 18. b4 Nd7 19. Rfd1 b6 20. Rd4 Bb7 21. Rad1 Rfc8 22. R4d3 Rc4 23. b5 a5 24. g3 Rac8 25. Nb1 Rxc2 26. Bf3 Nc5 27. Re3 Nxa4 28. Na3 R2c3 29.
Kf2 Rxe3 30. Kxe3 Rc3+ 31. Rd3 d4+ 32. Kxd4 Rxd3+ 33. Kxd3 Bxf3 34. Nc4 Bg2 35. Kd4 Bf1 36. Nd6 Kf8 37. g4 Ke7 38. f5 Bh3 39. fxe6 Kxe6 40. g5 f6 41. gxf6 gxf6 42. Ne4 fxe5+ 43. Kc4 Bf1+ 44.
Kb3 Nc5+ 45. Nxc5+ bxc5 46. b6 Kd6 47. b7 Kc7 48.
b8=Q+ Kxb8 0-1

[Event "*** Titled Tuesday Blitz"]
[Site "Chess.com"]
[Date "2021.02.09"]
[Round "5"]
[White "GMJustin"]
[Black "Synctel"]
[Result "0-1"]
[WhiteElo "2275"]
[BlackElo "2026"]
[TimeControl "180+1"]
[EndTime "10:57:26 PST"]
[Termination "Synctel won on time"]

1. d4 Nf6 2. Nc3 e6 3. Bg5 d5 4. e4 Bb4 5. e5 h6 6. Bd2 Bxc3 7. Bxc3 Ne4 8. Bb4 c5 9. Bxc5 Nxc5 10. dxc5 Nd7 11.
Qd4 Qc7 12. Nf3 Nxc5 13. Bd3 O-O 14. O-O-O b6 15. Kb1 Nxd3 16. cxd3 Ba6 17. Rc1 Qe7 18. Rc3 Rfc8 19. Rhc1 Rxc3 20. Rxc3 Rc8 21. h4 Rc5 22. b4 Rc7 23. a4 Qd7 24. b5 Bb7 25. Kb2 Qc8 26.
Rxc7 Qxc7 27. Qc3 Qxc3+ 28. Kxc3 Kf8 29. Nd4 a5 30. g4 Ke7 31. f4 f6 32. Nf3 Bc8 0-1

[Event "*** Titled Tuesday Blitz"]
[Site "Chess.com"]
[Date "2021.02.09"]
[Round "5"]
[White "ElCoachRene"]
[Black "niki_2003"]
[Result "1-0"]
[WhiteElo "2194"]
[BlackElo "2048"]
[TimeControl "180+1"]
[EndTime "10:57:26 PST"]
[Termination "ElCoachRene won on time"]

1. d4 Nf6 2. Bf4 e6 3. e3 b6 4. Nd2 Bb7 5. Ngf3 d6 6. Bd3 Nbd7 7. e4 c5 8. c3 Be7 9. Qe2 O-O 10. h3 d5 11. e5 Nh5 12. Bh2 g6 13. g4 Ng7 14.
Bg3 f5 15. exf6 Nxf6 16. Ng5 Qd7 17. Be5 a6 18. f4 b5 19. O-O c4 20. Bc2 b4 21. Rab1 a5 22. Ndf3 a4 23. Nh2 b3 24. axb3 cxb3 25. Bd3 Qc6 26. Rfe1 Ba6 27. Bxa6 Qxa6 28. Ra1 h6 29. Ngf3 Ne4 30. Nd2 Bh4 31.
Qxa6 Rxa6 32. Red1 Bf2+ 33. Kg2 Nxd2 34. Rxd2 Be3 35. Re2 Bxf4 36. Bxg7 Kxg7 37. Nf3 g5 38. Rae1 Kf6 39. Ra1 Rfa8 40. Ne1 a3 41. bxa3 Rxa3 42. Rb1 Ke7 43. Nd3 Bd6 44. Reb2 Rb8 45. Nc1 Bf4 46. Rxb3 Rbxb3 47. Nxb3 Kd6 48. Kf3 1-0

[Event "*** Titled Tuesday Blitz"]
[Site "Chess.com"]
[Date "2021.02.09"]
[Round "5"]
[White "Pantata007"]
[Black "Khnykin_Nikolay"]
[Result "1-0"]
[WhiteElo "2224"]
[BlackElo "2052"]
[TimeControl "180+1"]
[EndTime "10:57:27 PST"]
[Termination "Pantata007 won on time"]

1. d4 Nf6 2. c4 c5 3. d5 b5 4.
cxb5 a6 5. bxa6 Bxa6 6. Nc3 e6 7. Nf3 d6 8. e4 Bxf1 9. Kxf1 Be7 10. g3 O-O 11.
Kg2 exd5 12. exd5 Qd7 13. Re1 Re8 14. h3 Na6 15. a3 Bf8 16. Bg5 Rxe1 17. Qxe1 Re8 18.
Qd2 Ne4 19. Nxe4 Rxe4 20. Qd3 Ra4 21. b3 Ra5 22. Bd2 Nb4 23. Qc3 Qa7 24. a4 Ra6 25.
Qc4 Qb7 26. Bxb4 cxb4 27. Rc1 Ra5 28. Qc6 Qe7 29. Re1 Qf6 30. Re8 g6 31. Qc8 Qg7 32. Qc6 Rc5 33. Qxd6 1-0

[Event "*** Titled Tuesday Blitz"]
[Site "Chess.com"]
[Date "2021.02.09"]
[Round "5"]
[White "Ghost_Pepper"]
[Black "KononenkoD"]
[Result "1-0"]
[WhiteElo "2402"]
[BlackElo "2523"]
[TimeControl "180+1"]
[EndTime "10:57:28 PST"]
[Termination "Ghost_Pepper won on time"]

1. e4 c6 2. d4 d5 3. Nc3 dxe4 4. Nxe4 Bf5 5. Ng3 Bg6 6. h4 h6 7. Nf3 Nd7 8. Bd3 Bxd3 9. Qxd3 e6 10. Bd2 Ngf6 11.
O-O-O Be7 12. Ne4 O-O 13. Kb1 c5 14. Bc1 cxd4 15. Qxd4 Qc7 16. g4 Rac8 17. c3 Bc5 18. Nxc5 Qxc5 19. g5 Qf5+ 20. Qd3 Qxd3+ 21. Rxd3 Nd5 22.
gxh6 Nc5 23. Rd4 f5 24. Rg1 Rc7 25. c4 Nf6 26. Bf4 Rcf7 27. Ne5 Ng4 28. Nxf7 Kxf7 29.
hxg7 Rg8 30. f3 Nf6 31. Bd6 Ncd7 32. f4 Ng4 33. Bb4 Ndf6 34. Bf8 Kg6 35. c5 Nd5 36. Re1 Kf7 37. Rc1 Ngf6 38. c6 bxc6 39. Rxc6 Ne4 40. Rc7+ Nxc7 41. Rd7+ Kg6 42. Rxc7 1-0

[Event "*** Titled Tuesday Blitz"]
[Site "Chess.com"]
[Date "2021.02.09"]
[Round "5"]
[White "GigaQuparadze"]
[Black "Alexander_Moskalenko"]
[Result "1-0"]
[WhiteElo "2922"]
[BlackElo "2786"]
[TimeControl "180+1"]
[EndTime "10:57:29 PST"]
[Termination "GigaQuparadze won by resignation"]

1. e4 c6 2. d4 d5 3. Nc3 dxe4 4. Nxe4 Nd7 5. Ng5 Ngf6 6. Bd3 e6 7. N1f3 Bd6 8. Qe2 h6 9. Ne4 Nxe4 10. Bxe4 Qc7 11. Bd2 Nf6 12. Bd3 c5 13. dxc5 Qxc5 14. O-O-O Bd7 15. a3 Qc7 16. Bc3 Rc8 17. Kb1 Qb8 18.
Be5 Bxe5 19. Nxe5 O-O 20. g4 Rc5 21. f4 Rfc8 22. h4 Be8 23. g5 Nd5 24. Qe4 Nxf4 25.
Qh7+ Kf8 26. Ng4 Ba4 27. gxh6 Nxd3 28. Qxg7+ Ke8 29. h7 Bxc2+ 30. Ka1 Kd7 31. Qxf7+ Kc6 32. Qxe6+ Kb5 33. Rxd3 Bxd3 34. Qb3+ Ka5 35. Qxd3 Rc1+ 36.
Rxc1 Rxc1+ 37. Ka2 Rc8 38. Qd5+ b5 39. Ne5 Qc7 40.
Nf7 Qf4 41. h8=Q Rxh8 42. Nxh8 Qxh4 43. Nf7 Qf6 44. Nd6 a6 45. Nc4+ 1-0

[Event "*** Titled Tuesday Blitz"]
[Site "Chess.com"]
[Date "2021.02.09"]
[Round "5"]
[White "Jungle_Jaguar"]
[Black "rasmussvane"]
[Result "0-1"]
[WhiteElo "2650"]
[BlackElo "2893"]
[TimeControl "180+1"]
[EndTime "10:57:29 PST"]
[Termination "rasmussvane won by checkmate"]

1. b3 d5 2. Bb2 Bg4 3. f3 Bf5 4. g3 Nc6 5. Bg2 e5 6. Nh3 Bc5 7.
Nf2 Qd7 8. e3 O-O-O 9. O-O h5 10. d4 Bb6 11. e4 dxe4 12. fxe4 Bg4 13. Nxg4 hxg4 14. Kh1 Nxd4 15. Nc3 Nf6 16. a4 Rxh2+ 17. Kxh2 Rh8+ 18. Bh3 Rxh3+ 19. Kg2 Nh5 20. Nd5 Rxg3+ 21.
Kf2 Rf3+ 22. Ke1 Ng3 23. Nxb6+ axb6 24. Rxf3 Nxf3+ 25. Kf2 Nxe4+ 26. Ke3 Qf5 27. Qd5 Qf4+ 28. Kd3 Qd2+ 29. Kxe4 f5+ 30. Kxf5 Qxd5 31. Kxg4 e4 32. Kf4 g5+ 33. Ke3 Qf5 34. Rf1 Qf4+ 35. Ke2 Qd2# 0-1

[Event "*** Titled Tuesday Blitz"]
[Site "Chess.com"]
[Date "2021.02.09"]
[Round "5"]
[White "Cambek64"]
[Black "IsaacWiebe"]
[Result "1-0"]
[WhiteElo "2348"]
[BlackElo "2172"]
[TimeControl "180+1"]
[EndTime "10:57:29 PST"]
[Termination "Cambek64 won by resignation"]

1. d4 d5 2. Bg5 f6 3. Bh4 Nc6 4. e3 Bf5 5. a3 Qd7 6. Nf3 a6 7. c4 e6 8. Nc3 Nge7 9. h3 Ng6 10. Bg3 Bd6 11. Bxd6 Qxd6 12. cxd5 exd5 13. Bd3 Bxd3 14.
Qxd3 O-O 15. O-O Rfe8 16. Rac1 Nd8 17. b4 c6 18. Na4 Ne6 19. Nc5 Nxc5 20. Rxc5 Rf8 21.
Rfc1 f5 22. g3 f4 23. exf4 Qd7 24. Kh2 Rae8 25. Re1 Rxe1 26. Nxe1 Qe7 27. Nf3 Re8 28. Ne5 Nxe5 29. fxe5 Qg5 30. f4 Qe7 31. Qb1 g5 32.
f5 Kh8 33. Kg2 g4 34. h4 Rf8 35. f6 Qe6 36. Rc1 b6 37. Qc2 c5 38. bxc5 bxc5 39. Qxc5 Rg8 40. Rf1 Rc8 41. Qe7 Rc2+ 42. Rf2 Rxf2+ 43.
Kxf2 Qg8 44. f7 1-0

[Event "*** Titled Tuesday Blitz"]
[Site "Chess.com"]
[Date "2021.02.09"]
[Round "5"]
[White "Kurkusha"]
[Black "Shuvalov"]
[Result "0-1"]
[WhiteElo "2353"]
[BlackElo "2519"]
[TimeControl "180+1"]
[EndTime "10:57:30 PST"]
[Termination "Shuvalov won by resignation"]

1. d4 Nf6 2. Nf3 g6 3. c4 Bg7 4. Nc3 d5 5. cxd5 Nxd5 6. g3 O-O 7. Bg2 Nxc3 8. bxc3 c5 9. O-O Nc6 10. e3 Qc7 11.
Bb2 Na5 12. Qe2 Be6 13. Nd2 Rad8 14. Ba3 b6 15. Rfc1 Qd7 16. Ne4 Qa4 17. Bb2 Bc4 18.
Qd1 Qb5 19. Rab1 Bxa2 20. Ba3 Bxb1 21. Rxb1 Qd7 22. Qe2 Qa4 23. Bb2 Qc4 24. Qxc4 Nxc4 25. Ba1 Rc8 26. dxc5 bxc5 27. Bf1 Nd6 28. Nxd6 exd6 29.
Rd1 Rfd8 30. Bg2 Rb8 31. c4 Bxa1 32. Rxa1 Rd7 33. Bc6 Rc7 34. Bd5 Rb6 35. Kg2 Kg7 36.
Kf3 Kf6 37. Ke4 Ke7 38. h4 h5 39. Kf4 a6 40. e4 Ra7 41. Ra5 Rb2 42. f3 Rb3 43. Bc6 Kd8 44. Bb5 Kc7 45. Be8 Kb6 46.
Ra2 a5 47. Rd2 a4 48. Rxd6+ Ka5 49. Rd5 Kb4 50. Bxa4 Rxa4 51. g4 hxg4 52. fxg4 Rh3 53. h5 gxh5 54. gxh5 Kxc4 55. Kg4 Rh1 56. Rf5 Ra7 0-1

[Event "*** Titled Tuesday Blitz"]
[Site "Chess.com"]
[Date "2021.02.09"]
[Round "5"]
[White "ChelsieMonica"]
[Black "Grandmaster2B"]
[Result "0-1"]
[WhiteElo "2343"]
[BlackElo "2527"]
[TimeControl "180+1"]
[EndTime "10:57:30 PST"]
[Termination "Grandmaster2B won by resignation"]

1. e4 c5 2. Nf3 d6 3. d4 cxd4 4.
Nxd4 Nf6 5. Nc3 a6 6. Be3 e5 7.
Nb3 Be6 8. f4 exf4 9. Bxf4 Nc6 10.
Qe2 Ne5 11. h3 Qc7 12. O-O-O Be7 13. g4 O-O 14. g5 Nfd7 15. Qg2 Rac8 16. Rh2 b5 17.
Kb1 Qb6 18. h4 Rxc3 19. bxc3 Rc8 20. h5 Qc7 21. Bd2 Nb6 22. g6 Nbc4 23. Bc1 a5 24.
gxh7+ Kh8 25. h6 g6 26. Nd4 b4 27. Nxe6 fxe6 28. cxb4 Qb7 29. Rh3 axb4 30. Rb3 Na5 31. Bg5 Nxb3 32. cxb3 Bxg5 33. Qxg5 Qxe4+ 34. Bd3 Qf3 35. Be2 Qe4+ 36. Ka1 Rf8 37. Qe7 Rf7 38. Qxe6 Qxe2 39.
Qxd6 Rf1 40. Rxf1 Qxf1+ 41. Kb2 Nd3+ 42. Kc2 Qc1+ 43. Kxd3 Qd1+ 0-1

[Event "*** Titled Tuesday Blitz"]
[Site "Chess.com"]
[Date "2021.02.09"]
[Round "5"]
[White "Klavdia_Nik"]
[Black "publicaccountcze"]
[Result "0-1"]
[WhiteElo "2059"]
[BlackElo "2254"]
[TimeControl "180+1"]
[EndTime "10:57:32 PST"]
[Termination "publicaccountcze won on time"]

1. Nf3 c5 2. c4 Nf6 3. b3 d5 4. Bb2 e6 5. g3 Nc6 6. Bg2 Be7 7. cxd5 exd5 8. d4 b6 9. O-O O-O 10. Nc3 Bb7 11. e3 a6 12. dxc5 bxc5 13. Rc1 Qd6 14. Na4 Rac8 15. Nxc5 Ba8 16. Na4 Nb4 17. a3 Rxc1 18.
Bxc1 Nc6 19. Bb2 Na5 20. Nd4 Qd7 21. Nb6 Qb7 22. Nxa8 Rxa8 23. Nf5 Rd8 24. Nxe7+ Qxe7 25. Bxf6 Qxf6 26. Bxd5 Qd6 27. e4 Kf8 28. b4 Nc4 29.
Qh5 Ne5 30. Qxh7 Qf6 31. f4 Ng4 32. Rf3 Qd4+ 33. Kg2 Qd2+ 0-1

[Event "*** Titled Tuesday Blitz"]
[Site "Chess.com"]
[Date "2021.02.09"]
[Round "5"]
[White "WilliamSchill"]
[Black "MarceloPlaya"]
[Result "0-1"]
[WhiteElo "1976"]
[BlackElo "2288"]
[TimeControl "180+1"]
[EndTime "10:57:33 PST"]
[Termination "MarceloPlaya won on time"]

1. e4 e6 2. d4 d5 3. Nc3 Bb4 4. e5 c5 5. a3 Bxc3+ 6. bxc3 Ne7 7. Qg4 Qc7 8. Bd3 Nbc6 9. Qxg7 Rg8 10. Qf6 cxd4 11.
Ne2 Qxe5 12. Qxe5 Nxe5 13. Bxh7 Rh8 14. cxd4 Rxh7 15. dxe5 Bd7 16. Bg5 Rc8 17. Kd2 Nc6 18.
f4 Na5 19. Nd4 Nc4+ 20. Ke2 Ba4 21. Ra2 Kd7 22. h4 Na5 23. Rb1 b6 24. Rb4 Bc6 25.
g4 Rhh8 26. h5 Bb7 27. a4 Ba6+ 28. Nb5 Rc5 29. Kd3 Rhc8 30. h6 Rc3+ 31. Kd2 Rh3 32.
Nd4 Nc4+ 33. Ke1 Ne3 34. Kf2 Nxg4+ 35. Kg2 Rh5 36. a5 b5 37. Nxb5 Nxh6 38. Nd6 Rc3 0-1

[Event "*** Titled Tuesday Blitz"]
[Site "Chess.com"]
[Date "2021.02.09"]
[Round "5"]
[White "VFernandezB"]
[Black "TomasKapitanchuk"]
[Result "0-1"]
[WhiteElo "2308"]
[BlackElo "2499"]
[TimeControl "180+1"]
[EndTime "10:57:34 PST"]
[Termination "TomasKapitanchuk won by checkmate"]

1. d4 Nf6 2. c4 e6 3. g3 c5 4.
Nf3 cxd4 5. Nxd4 Nc6 6. Bg2 Qb6 7. Nc2 Be7 8. O-O O-O 9. Nc3 Qc7 10. b3 a6 11. Bb2 b6 12. Rc1 Qb8 13. Qd2 Bb7 14.
Rfd1 d6 15. Ne4 Nxe4 16. Bxe4 Qc7 17. Qe3 Rac8 18. Qf3 Na5 19. Bxb7 Nxb7 20. Qg4 g6 21.
Qd4 f6 22. Qe4 Nc5 23. Qe3 e5 24. Nb4 f5 25. Nd5 Qd8 26. b4 Nd7 27. f4 Qe8 28. fxe5 dxe5 29. Bxe5 Nxe5 30. Qxe5 Bc5+ 31. bxc5 Qxe5 32.
cxb6 Rfd8 33. b7 Rb8 34. Rb1 Kf7 35. e3 Qe4 36. Rdc1 Rxd5 37. cxd5 Qxe3+ 38. Kg2 Qe4+ 39. Kh3 Qxd5 40. Rc7+ Kf6 41. Rb6+ Kg5 42. Rxh7 Qf3 43. Rb2 Qf1+ 44. Rg2 Re8 45. Rh4 Re2 46. Rf4 Qxg2# 0-1

[Event "*** Titled Tuesday Blitz"]
[Site "Chess.com"]
[Date "2021.02.09"]
[Round "5"]
[White "MVM2008"]
[Black "jens1102"]
[Result "0-1"]
[WhiteElo "2125"]
[BlackElo "2461"]
[TimeControl "180+1"]
[EndTime "10:57:35 PST"]
[Termination "jens1102 won by resignation"]

1. d4 Nf6 2. Bg5 Ne4 3. Bf4 c5 4. f3 Nf6 5. d5 e6 6. c4 exd5 7. cxd5 d6 8. e4 g6 9. Nc3 Bg7 10. Bd3 O-O 11. Nge2 a6 12. a4 Nh5 13. Be3 Nd7 14. Nf4 Qh4+ 15. g3 Nxg3 16. Ng2 Qh3 17. Nf4 Qh4 18. Ng2 Qh5 19. Nf4 Qh6 20. Rg1 Qxh2 21.
Rg2 Qh4 22. Kd2 Nh5 23. Rg4 Qh2+ 24. Rg2 Qh4 25. Rg4 Qf6 26. Nxh5 gxh5 27. Rg2 Ne5 28. Be2 Bh3 29. Rg3 Bd7 30. Qg1 Kh8 31. Qg2 Rg8 32. Rg1 Ng6 33. Bg5 Qd4+ 34. Bd3 c4 35. Qe2 cxd3 36. Qxd3 Qxd3+ 37. Kxd3 Ne5+ 38. Kd2 h6 39. Bf4 h4 40. R3g2 Nxf3+ 0-1

[Event "*** Titled Tuesday Blitz"]
[Site "Chess.com"]
[Date "2021.02.09"]
[Round "5"]
[White "suyu28"]
[Black "NovikovaGalina"]
[Result "1-0"]
[WhiteElo "2651"]
[BlackElo "2389"]
[TimeControl "180+1"]
[EndTime "10:57:37 PST"]
[Termination "suyu28 won by resignation"]

1. e4 e6 2. d4 d5 3. Bd3 c5 4. exd5 exd5 5. Nf3 Nf6 6. O-O Be7 7. dxc5 O-O 8. b4 a5 9. c3 Bg4 10. Bb2 Nc6 11. a3 Qc7 12. Nbd2 Qf4 13. h3 Bh5 14. Qc2 Bd8 15. Rfe1 Bc7 16. g3 Qh6 17. Kg2 Rfe8 18. b5 Ne5 19. Nxe5 Bxe5 20. c4 d4 21. Ne4 Bg6 22.
Nxf6+ Bxf6 23. Bxg6 hxg6 24. Qd3 Red8 25. Re4 Qh5 26.
Bxd4 Qxc5 27. Bxc5 Rxd3 28. Rae1 g5 29. Re8+ Rxe8 30. Rxe8+ Kh7 31. Rb8 Rd7 32. a4 Bc3 33.
Be3 Rc7 34. c5 f6 35. b6 Rd7 36. Rxb7 Rxb7 37. c6 Rxb6 38. Bxb6 Be5 39. c7 Bxc7 40. Bxc7 1-0

[Event "*** Titled Tuesday Blitz"]
[Site "Chess.com"]
[Date "2021.02.09"]
[Round "5"]
[White "goldihouse"]
[Black "Witik"]
[Result "1-0"]
[WhiteElo "2552"]
[BlackElo "2706"]
[TimeControl "180+1"]
[EndTime "10:57:38 PST"]
[Termination "goldihouse won by checkmate"]

1. c4 e5 2. g3 c6 3. Bg2 d5 4. Nf3 e4 5. Nd4 dxc4 6. Nc2 Nf6 7. Nc3 Bf5 8. Ne3 Bg6 9. Nxc4 Nbd7 10. O-O Be7 11.
b3 O-O 12. Bb2 Re8 13. Rc1 Bf8 14. Bh3 Nc5 15. b4 Ne6 16. a3 h5 17. Na5 Rb8 18. Na4 h4 19. Bg2 Nd5 20. Nb3 hxg3 21. fxg3 e3 22. d3 Qg5 23. Nac5 Nxc5 24. Nxc5 Bd6 25. Ne4 Qe7 26. Nxd6 Qxd6 27. Rc4 Re6 28. Rh4 Rbe8 29.
Qb3 Ne7 30. Qc3 f6 31. Qc4 Nd5 32. Qg4 Kf7 33. Qc4 a6 34. Bd4 Qd7 35. Qc5 Ne7 36. Bb2 Nd5 37. Rd4 Rd8 38. Qc4 Rd6 39. Rh4 Kg8 40.
Bh3 Qe7 41. Rd1 Bf7 42. Qg4 g5 43. Rh6 f5 44. Rh8# 1-0

[Event "*** Titled Tuesday Blitz"]
[Site "Chess.com"]
[Date "2021.02.09"]
[Round "5"]
[White "Artem_Koval"]
[Black "ajedrez1101"]
[Result "0-1"]
[WhiteElo "2251"]
[BlackElo "2080"]
[TimeControl "180+1"]
[EndTime "10:57:38 PST"]
[Termination "ajedrez1101 won on time"]

1. d4 b6 2. Bf4 Bb7 3. e3 d6 4.
Nf3 Nf6 5. Bd3 g6 6. Nbd2 Bg7 7. h3 O-O 8. O-O Nbd7 9. Bh2 Re8 10. e4 e5 11. d5 c6 12. c4 a5 13. Qe2 Nc5 14. b3 cxd5 15. cxd5 Nxd3 16. Qxd3 Ba6 17. Nc4 b5 18. Ne3 b4 19. Nc4 Bxc4 20. Qxc4 Rc8 21. Qd3 Qc7 22. Nd2 Qc3 23. Qxc3 Rxc3 24. f3 Bh6 25.
Nc4 Be3+ 26. Kh1 Bc5 27. Bg1 Rd8 28. Bxc5 dxc5 29. Nxa5 Ra8 30. Nc4 Nd7 31. Rf2 Rxb3 32. axb3 Rxa1+ 33. Kh2 Kf8 34. Rc2 Ke7 35. Kg3 Rb1 36.
Rb2 Rc1 37. Kf2 Rc3 38. Ke2 f5 39. Ne3 fxe4 40. fxe4 Nf6 41. Nd1 Rg3 42. Kf1 Nxe4 43. Nf2 Rxb3 44. Re2 Rb1+ 45. Re1 Ng3+ 0-1

[Event "*** Titled Tuesday Blitz"]
[Site "Chess.com"]
[Date "2021.02.09"]
[Round "5"]
[White "ChessWarrior7197"]
[Black "Angry_Twin"]
[Result "0-1"]
[WhiteElo "2950"]
[BlackElo "2853"]
[TimeControl "180+1"]
[EndTime "10:57:40 PST"]
[Termination "Angry_Twin won by resignation"]

1. e4 c5 2. Nf3 d6 3. d4 cxd4 4. Nxd4 Nf6 5. Nc3 a6 6. Be3 e5 7. Nb3 Be6 8. f3 h5 9. Nd5 Bxd5 10. exd5 Nbd7 11. Qd2 g6 12. O-O-O Bg7 13. Kb1 O-O 14.
h3 Qc7 15. g4 Rac8 16. g5 Nh7 17. h4 Nb6 18. Na5 e4 19. fxe4 Rfe8 20. Bh3 Rb8 21.
Bg2 Nf8 22. Rc1 Na4 23. c4 Bxb2 24. Rc2 Bg7 25. Nb3 Nd7 26. Qb4 Nac5 27. Re1 b5 28. Qa5 Qxa5 29. Nxa5 bxc4+ 30. Kc1 Nd3+ 31. Kd2 Nxe1 32.
Kxe1 c3 33. Nc4 Rb2 34. Kd1 Reb8 35. Bc1 R2b4 36. Na5 Ra4 37. Nc6 Rb2 38. Bh3 Raxa2 39. Bxb2 cxb2 40. Rxb2 Rxb2 41. Bxd7 Rh2 42. e5 Bxe5 43.
Nxe5 dxe5 44. Bc6 Rxh4 45. Ke2 Rd4 46. Ke3 Kf8 0-1

[Event "*** Titled Tuesday Blitz"]
[Site "Chess.com"]
[Date "2021.02.09"]
[Round "5"]
[White "jacky72"]
[Black "bocah_sakit"]
[Result "0-1"]
[WhiteElo "2699"]
[BlackElo "2848"]
[TimeControl "180+1"]
[EndTime "10:57:40 PST"]
[Termination "bocah_sakit won by resignation"]

1. d4 Nf6 2. c4 g6 3. Nc3 Bg7 4. e4 d6 5. Be2 O-O 6. Bg5 h6 7. Be3 c5 8. d5 e6 9. Nf3 exd5 10. cxd5 b5 11. e5 Ng4 12. Nxb5 Nxe3 13. fxe3 dxe5 14.
e4 Qb6 15. Qd2 f5 16. Nc3 fxe4 17. Nxe4 Bf5 18. Nc3 e4 19. Nh4 Nd7 20. Nxf5 gxf5 21. O-O Rab8 22. Rab1 Ne5 23. d6 c4+ 24. Kh1 Nd3 25. d7 Qd6 26. Qe3 Qxd7 27. Qg3 Kh8 28. Qh4 Qd6 29. Nd1 f4 30. Nf2 Qd4 31. Ng4 Rb6 32.
h3 Rg6 33. Qh5 Rg5 34. Qh4 Kh7 35.
a4 f3 36. gxf3 Nf4 37. Rbe1 Rh5 38. Qe7 Rxh3+ 39. Nh2 e3 40. Rg1 Rf5 41. Rd1 Rxh2+ 42. Kxh2 Rh5+ 43. Kg3 Nxe2+ 44. Kg2 Nf4+ 45. Kg3 Ne2+ 46.
Kg2 Qf4 47. Qe4+ Qxe4 48. fxe4 Nxg1 49. Rxg1 Bxb2 50. Kf3 Bd4 51. Rh1 Rxh1 0-1

[Event "*** Titled Tuesday Blitz"]
[Site "Chess.com"]
[Date "2021.02.09"]
[Round "5"]
[White "MPGM"]
[Black "Alexander_Zubov"]
[Result "0-1"]
[WhiteElo "2613"]
[BlackElo "2976"]
[TimeControl "180+1"]
[EndTime "10:57:40 PST"]
[Termination "Alexander_Zubov won on time"]

1. c4 c5 2. Nc3 g6 3. g3 Bg7 4. Bg2 Nc6 5. b3 d6 6. Bb2 e5 7. e3 Nge7 8. Nge2 O-O 9. O-O f5 10. d3 Be6 11. Nd5 Qd7 12. Qd2 Rae8 13. Rae1 Bf7 14. f4 Nxd5 15. cxd5 Nb4 16. Nc3 exf4 17. gxf4 Re7 18. a3 Na6 19. e4 Nc7 20. a4 Rfe8 21. Kh1 Na6 22. Nd1 Bd4 23. Ne3 fxe4 24. dxe4 Rxe4 25.
Bxe4 Rxe4 26. Bxd4 Rxd4 27. Qg2 Nc7 28. f5 Nxd5 29.
fxg6 hxg6 30. Nf5 Nf4 31. Ne7+ Kg7 32. Qg5 Bd5+ 33. Nxd5 Nxd5 34. Rg1 Qf7 35. Ref1 Nf4 36. h4 Qe6 37. Qg4 Qe4+ 38. Kh2 Rd2+ 39. Kg3 Ne2+ 0-1

[Event "*** Titled Tuesday Blitz"]
[Site "Chess.com"]
[Date "2021.02.09"]
[Round "5"]
[White "CM_rui"]
[Black "RaneshRatnesan"]
[Result "1-0"]
[WhiteElo "2353"]
[BlackElo "2188"]
[TimeControl "180+1"]
[EndTime "10:57:41 PST"]
[Termination "CM_rui won by resignation"]

1. e4 c5 2. Nf3 d6 3. d4 cxd4 4. Nxd4 Nf6 5. f3 a6 6. c4 g6 7. Nc3 Bg7 8. Be3 O-O 9. Be2 Nc6 10. O-O Bd7 11. Rc1 Rc8 12. b3 Qa5 13. Qd2 Ne5 14.
h3 Nc6 15. f4 Nxd4 16. Qxd4 Bc6 17. Qd3 Nd7 18. Bg4 Rcd8 19. Nd5 Nc5 20. Nxe7+ Kh8 21. Bxc5 dxc5 22. Nxc6 bxc6 23. Qe2 f5 24. exf5 gxf5 25. Bf3 Bd4+ 26. Kh1 Rde8 27. Qc2 Re6 28. Rcd1 Rf7 29.
g4 fxg4 30. Bxg4 Re3 31. Rd2 Qc7 32. Rdf2 Rc3 33. Qd2 Bxf2 34. Qxc3+ Bd4 35. Qf3 Be5 36. Qe4 Bxf4 37. Qe8+ Kg7 38. Be6 Re7 39. Qg8+ Kh6 40. Rg1 Qe5 41. Qg4 Rxe6 42. Qh4+ Qh5 43. Qxf4+ 1-0

[Event "*** Titled Tuesday Blitz"]
[Site "Chess.com"]
[Date "2021.02.09"]
[Round "5"]
[White "Jospem"]
[Black "rpragchess"]
[Result "1-0"]
[WhiteElo "3054"]
[BlackElo "2860"]
[TimeControl "180+1"]
[EndTime "10:57:43 PST"]
[Termination "Jospem won by resignation"]

1. e4 Nc6 2. Nf3 d6 3. h3 Nf6 4. Nc3 g6 5. Bc4 Bg7 6. d3 O-O 7. a3 e5 8. O-O Be6 9. Bg5 h6 10. Bxf6 Qxf6 11. Nd5 Qd8 12. c3 a6 13. a4 Kh7 14. b4 Ne7 15. Nxe7 Qxe7 16. Bxe6 Qxe6 17. b5 f5 18. Nd2 a5 19. Qb3 Qd7 20. Rad1 Rf7 21.
b6 c6 22. d4 exd4 23. cxd4 fxe4 24. Nxe4 Raf8 25. Rfe1 Rf4 26. Re2 R8f7 27. Qa3 Bf8 28. Rde1 d5 29. Nc5 Qf5 30. Qb2 Bxc5 31. dxc5 Qf6 32.
Qd2 Rd4 33. Qxa5 Re4 34. Qd2 Rxa4 35. Re6 Qf5 36. Re8 Re4 37. R1xe4 dxe4 38. Qd4 Qf6 39.
Qxf6 Rxf6 40. Re7+ Kg8 41. Rxb7 Rf5 42. Rc7 Rxc5 43.
b7 Rc1+ 44. Kh2 Rb1 45. Rc8+ Kf7 46. b8=Q Rxb8 47. Rxb8 Ke6 48. Kg1 Kd5 49. Kf1 Kd4 50. Ke2 1-0

[Event "*** Titled Tuesday Blitz"]
[Site "Chess.com"]
[Date "2021.02.09"]
[Round "5"]
[White "shaheus"]
[Black "GianmarcoVaR"]
[Result "0-1"]
[WhiteElo "2396"]
[BlackElo "2583"]
[TimeControl "180+1"]
[EndTime "10:57:43 PST"]
[Termination "GianmarcoVaR won by resignation"]

1. e4 c5 2. Nf3 d6 3. c3 Nf6 4. Qb3 Nbd7 5. d3 Qc7 6. Na3 a6 7. Be2 b5 8. O-O Bb7 9. Bf4 g6 10. c4 b4 11. Nc2 a5 12. Ne3 Bg7 13. Nd5 Nxd5 14. exd5 O-O 15. Rab1 e6 16. dxe6 fxe6 17.
Bg3 h6 18. Qd1 e5 19. Nd2 Rae8 20. Bf3 Nf6 21. Ne4 Nh7 22. Re1 h5 23. h3 Bh6 24.
Qe2 Kg7 25. Rbd1 Rf7 26. Nd2 Bxd2 27. Bxb7 Bxe1 28. Bd5 Bxf2+ 29. Bxf2 Ref8 30. Be3 Rf5 31. Be4 Qf7 32. Bxf5 Qxf5 33. Rf1 Qxf1+ 34. Qxf1 Rxf1+ 35. Kxf1 a4 36. b3 axb3 37. axb3 Kf6 38. Ke2 Nf8 39.
Kf3 Ne6 40. Ke4 Nc7 41. Bh6 Ke6 42. Bf8 Na6 43. g4 hxg4 44. hxg4 Nb8 45. Bh6 Nc6 46. Be3 Na5 0-1

[Event "*** Titled Tuesday Blitz"]
[Site "Chess.com"]
[Date "2021.02.09"]
[Round "5"]
[White "serhanberat_ozdemir"]
[Black "AndrewMaco"]
[Result "1/2-1/2"]
[WhiteElo "2486"]
[BlackElo "2683"]
[TimeControl "180+1"]
[EndTime "10:57:44 PST"]
[Termination "Game drawn by repetition"]

1. e4 c6 2. d4 d5 3. exd5 cxd5 4. c4 Nf6 5. Nc3 g6 6. cxd5 Bg7 7. Nf3 O-O 8. Bc4 Nbd7 9. O-O Nb6 10. Bb3 Nbxd5 11.
Re1 Bg4 12. h3 Bxf3 13. Qxf3 e6 14. Bg5 h6 15. Bh4 Qd6 16. Rad1 Qd7 17. Bxf6 Nxf6 18. d5 exd5 19. Nxd5 Nxd5 20. Rxd5 Qc6 21. Re7 Rae8 22.
Rdd7 Qxf3 23. gxf3 Rxe7 24. Rxe7 Bxb2 25. Rxb7 Bd4 26.
f4 Kg7 27. Kg2 g5 28. fxg5 hxg5 29. Rd7 Bb6 30. Kg3 Kg6 31. Rd6+ f6 32. Bc2+ Kh5 33.
Rd7 f5 34. Rd5 Kg6 35. Rd6+ Kg7 36. Rd7+ Kf6 37. Kg2 Ke5 38. Bb3 Kf4 39. Rf7 Rc8 40. Be6 Rc5 41. Bd7 Rd5 42. Be6 Re5 43. Bd7 Ke4 44.
Bc6+ Kf4 45. Bd7 Rc5 46. Be6 Re5 47. Bd7 1/2-1/2

[Event "*** Titled Tuesday Blitz"]
[Site "Chess.com"]
[Date "2021.02.09"]
[Round "5"]
[White "Kotofeyca"]
[Black "Goryachkina"]
[Result "1/2-1/2"]
[WhiteElo "2445"]
[BlackElo "2682"]
[TimeControl "180+1"]
[EndTime "10:57:44 PST"]
[Termination "Game drawn by repetition"]

1. d4 Nf6 2. c4 e6 3. Nf3 d5 4. Nc3 c6 5. cxd5 exd5 6. Bg5 h6 7.
Bh4 Be7 8. Qc2 O-O 9. e3 a5 10. Bd3 Na6 11. a3 Nc7 12. O-O Re8 13. Ne5 Be6 14. f4 Rc8 15. Rae1 Bd7 16. Qb3 b5 17. Bb1 b4 18. axb4 axb4 19. Na4 Rb8 20. Rc1 Nb5 21. Rxc6 Bxc6 22. Nxc6 Qd7 23. Nxb8 Rxb8 24.
Bxf6 Bxf6 25. Qxb4 Qe8 26. Qd2 Nxd4 27. Nc3 Nb3 28.
Qxd5 Qxe3+ 29. Kh1 Bxc3 30. bxc3 Nd2 31. Qd6 Rxb1 32.
Rxb1 Nxb1 33. Qb8+ Kh7 34. Qxb1+ g6 35. Qa1 Qxf4 36. h3 h5 37. Qb2 Qc4 38. Qd2 Kg7 39.
Qe3 Qf1+ 40. Kh2 Qc4 41. Qf3 Qc7+ 42. Kh1 Qc4 43. Qe3 Kg8 44. Kh2 Kg7 45. Qe5+ Kg8 46. Qe3 Kg7 1/2-1/2